Match 47040298
Unlisted

Match 47040298
End
Kradschützen Motorcycle Team
Panzergrenadier Squad
Panzergrenadier Squad
Panzergrenadier Squad
Construct Light Support Kompanie
2.5-tonne Medical Truck
Fire Support Elements
Selects Armored Support Battlegroup
Veteran Squad Leaders
Panzerjäger Mechanized Group
Selects Salvage Kits
Selects Veteran Gunners
Construct Panzerarmee Kommand
Rapid Advance
Panzer III L Medium Tank
Selects Flammpanzer III Medium Tank
Gear-IV-G
frostie
JACK CHEN
CPU - Noob
Still In Love
Komeiji Satori
0
0

Comments sign in to comment!

No comments posted yet!